 Dungeon Crawl Stone Soup version 0.26-a0-49-g0e6732e0a6 (webtiles) character file.

Game seed: 9226227701545510529

15857 Maedhros the Martial Artist (level 12, -23/84 HPs)
             Began as an Octopode Artificer on June 4, 2020.
             Was the Champion of Cheibriados.
             Annihilated by an ettin
             ... wielding a +0 dire flail
              (36 damage)
             ... on level 1 of the Orcish Mines.
             The game lasted 00:38:40 (6200 turns).

Maedhros the Martial Artist (Octopode Artificer)    Turns: 6200, Time: 00:38:40

Health: -23/84     AC:  9    Str: 26    XL:     12   Next: 31%
Magic:  16/16      EV: 22    Int: 36    God:    Cheibriados [******]
Gold:   637        SH: 21    Dex: 31    Spells: 2/11 levels left

rFire    . . .     SeeInvis .     - Unarmed
rCold    . . .     Gourm    .   m - +2 kite shield
rNeg     . . .     Faith    .   (helmet restricted)
rPois    .         Spirit   .   F - amulet of reflection
rElec    .         Reflect  +   n - +6 ring of intelligence
rCorr    +         Harm     .   o - +4 ring of protection
MR       .....                  v - +4 ring of protection
Stlth    +++++++...             G - ring of stealth
HPRegen  0.24/turn              X - ring of stealth
MPRegen  0.15/turn              d - ring of resist corrosion
                                (no ring)
                                (no ring)

@: very slow
A: almost no armour, stealthy swim, amphibious, 8 rings, constrict 8, camouflage
1, gelatinous body 1
a: Bend Time, Temporal Distortion, Slouch, Step From Time, Renounce Religion


You were on level 1 of the Orcish Mines.
You worshipped Cheibriados.
Cheibriados was exalted by your worship.
You were hungry.

You visited 3 branches of the dungeon, and saw 15 of its levels.
You also visited: Sewer.

You collected 769 gold pieces.
You spent 132 gold pieces at shops.

Inventory:

Hand Weapons
 D - a +0 hunting sling
Missiles
 g - 73 poisoned darts (quivered)
 E - 30 sling bullets
 I - 2 javelins
Armour
 m - a +2 kite shield (worn)
 P - a +0 hat
 S - the +0 hat "Eraimu" {Harm rCorr Int+6}
   (You found it on level 12 of the Dungeon)

   It affects your intelligence (+6).
   It provides partial protection from all sources of acid and corrosion.
   It increases damage dealt and taken.
Magical Staves
 N - an uncursed staff of cold
Jewellery
 c - an uncursed amulet of magic regeneration
 d - a ring of resist corrosion (on tentacle)
 h - an uncursed amulet of the acrobat
 n - a +6 ring of intelligence (left tentacle)
 o - a +4 ring of protection (right tentacle)
 v - a +4 ring of protection (on tentacle)
 F - an amulet of reflection (around mantle)
 G - a ring of stealth (on tentacle)
 H - an uncursed amulet of faith
 X - a ring of stealth (on tentacle)
Wands
 b - a wand of polymorph (14)
 w - a wand of digging (16)
 z - a wand of disintegration (3)
 B - a wand of iceblast (2)
 L - a wand of enslavement (1)
 V - a wand of paralysis (5)
Scrolls
 e - a scroll of magic mapping {unknown}
 j - 3 scrolls of amnesia {unknown}
 k - a scroll of enchant weapon {unknown}
 l - 2 scrolls of fear {unknown}
 q - 2 scrolls of blinking {unknown}
 s - a scroll of holy word {unknown}
 t - 5 scrolls of remove curse
 x - 4 scrolls of teleportation
 y - 4 scrolls of fog
 A - 2 scrolls of enchant armour {unknown}
 K - a scroll of random uselessness {unknown}
 Q - a scroll of silence {unknown}
 W - a scroll of noise {unknown}
Potions
 a - 5 potions of curing
 i - 2 potions of flight
 p - a potion of ambrosia
 r - 3 potions of brilliance
 u - a potion of cancellation
 J - 2 potions of heal wounds
 M - 2 potions of might
 O - a potion of resistance
 R - a potion of lignification
Miscellaneous
 T - a box of beasts
Comestibles
 f - 20 rations


   Skills:
 + Level 8.8 Fighting
   Level 1.0 Short Blades
 + Level 9.0 Dodging
 - Level 6.0 Stealth
 + Level 8.6 Shields
 - Level 10.1 Unarmed Combat
 * Level 3.4 Earth Magic
 * Level 6.3 Invocations
 - Level 3.2 Evocations


You had 2 spell levels left.
You knew the following spells:

 Your Spells              Type           Power        Failure   Level  Hunger
a - Leda's Liquefaction   Hex/Erth       ##........   58%         4    #####..
b - Ozocubu's Armour      Chrm/Ice       #.......     41%         3    ####...
c - Sticks to Snakes      Tmut           #.......     22%         2    ###....

Your spell library contained the following spells:

 Spells                   Type           Power        Failure   Level  Hunger
 Beastly Appendage        Tmut           #.....       14%         1    ##.....
 Corona                   Hex            #......      14%         1    ##.....
 Foxfire                  Conj/Fire      #...         14%         1    ##.....
 Freeze                   Ice            #...         14%         1    ##.....
 Slow                     Hex            #.......     22%         2    ###....
 Conjure Flame            Conj/Fire      #.......     41%         3    ####...
 Frozen Ramparts          Ice            #.....       41%         3    ####...
 Inner Flame              Hex/Fire       #.......     41%         3    ####...
 Portal Projectile        Hex/Tloc       #.....       41%         3    ####...
 Spider Form              Tmut/Pois      #.........   41%         3    ####...
 Cause Fear               Hex            #.........   82%         4    #####..
 Hailstorm                Conj/Ice       #.......     82%         4    #####..
 Ice Form                 Ice/Tmut       #.......     82%         4    #####..
 Sticky Flame             Conj/Fire      #.......     82%         4    #####..
 Summon Ice Beast         Ice/Summ       #.......     82%         4    #####..
 Blade Hands              Tmut           #.........   99%         5    ######.
 Fireball                 Conj/Fire      #.........   99%         5    ######.
 Silence                  Hex/Air        #.........   99%         5    ######.
 Yara's Violent Unravell  Hex/Tmut       #.........   99%         5    ######.
 Discord                  Hex            #.........   100%        8    #######


Dungeon Overview and Level Annotations

Branches:
Dungeon (13/15)            Temple (1/1) D:5            Lair (0/6) D:8
    Orc (1/2) D:9           Sewer (visited)
 Vaults: D:13-14

Altars:
Ashenzari
Cheibriados
Dithmenos
Fedhas
Gozag
Hepliaklqana
Kikubaaqudgha
Makhleb
Trog
Uskayaw
Vehumet
Wu Jian
Yredelemnul
The Shining One

Shops:
D:4 *   D:6 ?   Orc:1 }


Innate Abilities, Weirdness & Mutations

You cannot wear most types of armour.
You are very stealthy in the water. (Stealth+)
You are amphibious.
You can wear up to eight rings at the same time.
You can use your tentacles to constrict eight enemies at once.
Your skin changes colour to match your surroundings (Stealth+).
Your rubbery body absorbs attacks. (AC +1, EV +1)


Message History

Aim: an ettin, wielding two +0 dire flails (chance to defeat MR: 37%)
The ettin resists with some effort.
The ettin barely misses you.
The ettin hits you with a +0 dire flail!!
Okay, then.
Okay, then.
Evoke which item? (* to show all) (? for menu, Esc to quit)
Aiming: Paralyse
Press: ? - help, Shift-Dir - straight line, f/p - ettin
Aim: an ettin, wielding two +0 dire flails (chance to defeat MR: 37%)
The ettin resists with some effort.
The ettin hits you with a +0 dire flail!!!
* * * LOW HITPOINT WARNING * * *
The ettin closely misses you.
Okay, then.
Okay, then.
You fail to use your ability.
The ettin barely misses you. You block the ettin's attack.
You fail to use your ability.
You block the ettin's attack.
The ettin hits you with a +0 dire flail!!!
You die...

.....#.## ........###
.#.....∩.#.## .
...........#
.##....#....##
.......#.....#
#.........## ##
###..C..#...##.##
##.#^....@.#..#....## #
#..................#... .
#.#.##...............# .
###)..........^....###.
#.....#..<..##.....#..
##....................
##...................
###...#................
###.....#....>..........#


You could see an ettin.

Vanquished Creatures
  Fannar (D:10)
  Erica (D:9)
  A hydra (D:12)
  A centaur warrior (D:13)
  A two-headed ogre (D:11)
  Pikel (D:4)
  An ugly thing (D:11)
  A manticore (D:12)
  Maurice (D:8)
  Joseph (D:7)
  A centaur skeleton (D:10)
  A freezing wraith (D:13)
  2 trolls
  Prince Ribbit (D:6)
  2 dream sheep (D:9)
  2 hippogriffs
  Sigmund (D:6)
  2 wraiths
  2 hungry ghosts
  Eustachio (D:5)
  13 yaks
  A steam dragon (D:11)
  Edmund (D:6)
  A water moccasin (D:13)
  3 ice beasts
  6 orc warriors
  2 sky beasts
  2 phantoms
  3 ogres
  2 necrophages
  A crocodile (D:8)
  7 centaurs
  Blork the orc (D:4)
  7 big kobolds
  3 bullfrogs
  2 scorpions
  18 killer bees
  2 howler monkeys
  4 crimson imps
  2 bullfrog zombies
  4 centaur zombies
  A bullfrog skeleton (D:6)
  2 jellies
  9 orc priests
  5 hounds
  13 orc wizards
  Natasha (thrice) (D:2)
  12 worker ants
  A hound skeleton (D:10)
  A worker ant zombie (D:7)
  9 adders
  9 gnolls
  2 river rats (Sewer)
  2 shadow imps
  2 adder skeletons
  4 worms
  2 dart slugs
  5 leopard geckos
  32 orcs
  5 giant cockroaches
  2 hobgoblins
  4 jackals
  26 kobolds
  3 quokkas
  2 ball pythons
  A ball python skeleton (D:4)
  2 bats
  9 frilled lizards
  15 goblins
  7 rats
300 creatures vanquished.

Vanquished Creatures (collateral kills)
  2 orc warriors
  A slave (D:4)
  An ogre (D:10)
  A howler monkey (D:10)
  An orc wizard (D:11)
  Robin (D:4)
  A leopard gecko (D:5)
  An orc (D:5)
  2 goblins (D:4)
11 creatures vanquished.

Vanquished Creatures (others)
  A slave (D:4)
  A killer bee (D:11)
  An orc wizard (D:13)
  2 adders
  An orc (D:11)
  A plant (D:9)
7 creatures vanquished.

Grand Total: 318 creatures vanquished

Notes
Turn   | Place    | Note
-------+----------+-------------------------------------------
     0 | D:1      | Maedhros the Octopode Artificer began the quest for the
                  | Orb.
     0 | D:1      | Reached XP level 1. HP: 13/13 MP: 3/3
   102 | D:3      | Reached XP level 2. HP: 9/18 MP: 4/4
   168 | D:4      | Reached XP level 3. HP: 7/23 MP: 5/5
   174 | D:4      | Noticed Blork the orc
   181 | D:4      | Killed Blork the orc
   181 | D:4      | Reached skill level 1 in Unarmed Combat
   181 | D:4      | Reached XP level 4. HP: 13/28 MP: 6/6
   192 | D:4      | Reached skill level 2 in Unarmed Combat
   192 | D:4      | Reached XP level 5. HP: 17/33 MP: 7/7
   218 | D:4      | Found Liekek's Mayhem Merchandise.
   271 | D:4      | Found a glowing drain.
   308 | Sewer    | Entered a sewer
   382 | Sewer    | Noticed a big kobold
   406 | Sewer    | Killed a big kobold
   406 | Sewer    | Reached skill level 3 in Unarmed Combat
   406 | Sewer    | Reached XP level 6. HP: 24/38 MP: 8/8
   547 | Sewer    | Reached skill level 4 in Unarmed Combat
   562 | Sewer    | Found a white marble altar of Elyvilon.
   674 | D:4      | Noticed Robin
   674 | D:4      | Noticed Pikel
   675 | D:4      | Noticed a slave
   677 | D:4      | Noticed a slave
   677 | D:4      | Noticed a slave
   690 | D:4      | Noticed a slave
   713 | D:4      | Killed Robin
   728 | D:4      | Killed a slave
   845 | D:4      | Killed Pikel
   845 | D:4      | Reached skill level 7 in Unarmed Combat
   845 | D:4      | Reached XP level 7. HP: 30/43 MP: 9/9
   913 | D:5      | Entered Level 5 of the Dungeon
   927 | D:5      | Noticed Eustachio
  1021 | D:5      | Killed Eustachio
  1021 | D:5      | Reached XP level 8. HP: 28/48 MP: 10/10
  1087 | D:5      | Found a staircase to the Ecumenical Temple.
  1095 | Temple   | Entered the Ecumenical Temple
  1157 | Temple   | Became a worshipper of Cheibriados the Contemplative
  1235 | D:5      | Reached skill level 8 in Unarmed Combat
  1320 | D:2      | Noticed Natasha
  1328 | D:2      | Killed Natasha
  1337 | D:2      | Noticed Natasha
  1345 | D:2      | Killed Natasha
  1394 | D:2      | Noticed Natasha
  1401 | D:2      | Killed Natasha
  1593 | D:2      | Found a basalt altar of Yredelemnul.
  1824 | D:1      | Reached * piety under Cheibriados
  2297 | D:4      | Reached skill level 1 in Shields
  2325 | D:6      | Noticed Prince Ribbit
  2333 | D:6      | Killed Prince Ribbit
  2559 | D:6      | Found Peczig's Magic Scroll Shoppe.
  2567 | D:6      | Bought a scroll of teleportation for 36 gold pieces
  2567 | D:6      | Bought a scroll of teleportation for 36 gold pieces
  2567 | D:6      | Bought a scroll of teleportation for 36 gold pieces
  2567 | D:6      | Bought a scroll of fog for 24 gold pieces
  2589 | D:6      | Noticed Sigmund
  2599 | D:6      | Killed Sigmund
  2599 | D:6      | Reached XP level 9. HP: 46/57 MP: 11/11
  2630 | D:6      | Noticed Edmund
  2665 | D:6      | Killed Edmund
  2665 | D:6      | Reached skill level 9 in Unarmed Combat
  2858 | D:5      | Reached ** piety under Cheibriados
  3024 | D:7      | Found an ornate altar of the Wu Jian Council.
  3192 | D:7      | Found a bloodstained altar of Trog.
  3394 | D:7      | Noticed Joseph
  3406 | D:7      | Killed Joseph
  3406 | D:7      | Reached skill level 5 in Dodging
  3472 | D:8      | You fall into a shaft and drop 3 floors!
  3479 | D:11     | Reached skill level 5 in Fighting
  3488 | D:11     | Noticed a troll
  3489 | D:11     | Reached *** piety under Cheibriados
  3503 | D:11     | Killed a troll
  3503 | D:11     | Reached skill level 5 in Shields
  3503 | D:11     | Reached XP level 10. HP: 39/66 MP: 12/12
  3528 | D:11     | Noticed a cyan ugly thing
  3531 | D:11     | Noticed a two-headed ogre
  3543 | D:11     | Killed a two-headed ogre
  3543 | D:11     | Reached skill level 10 in Unarmed Combat
  3550 | D:11     | Killed a cyan ugly thing
  3566 | D:10     | Entered Level 10 of the Dungeon
  3735 | D:8      | Found a staircase to the Lair.
  3936 | D:8      | Reached **** piety under Cheibriados
  4045 | D:8      | Noticed Maurice
  4053 | D:8      | Killed Maurice
  4145 | D:9      | Found a staircase to the Orcish Mines.
  4288 | D:9      | Reached XP level 11. HP: 71/75 MP: 13/13
  4321 | D:9      | Noticed a three-headed hydra
  4360 | D:9      | Found an ancient bone altar of Kikubaaqudgha.
  4463 | D:9      | Noticed Erica
  4535 | D:9      | Killed Erica
  4677 | D:10     | Reached ***** piety under Cheibriados
  4700 | D:10     | Reached skill level 1 in Invocations
  4938 | D:10     | Noticed Fannar
  4965 | D:10     | Killed Fannar
  5266 | D:12     | Noticed a manticore
  5275 | D:12     | Killed a manticore
  5313 | D:12     | Got an ichor-stained hat
  5340 | D:12     | Identified the +0 hat "Eraimu" {Harm rCorr Int+6} (You
                  | found it on level 12 of the Dungeon)
  5351 | D:12     | Learned a level 4 spell: Leda's Liquefaction
  5354 | D:12     | Noticed a four-headed hydra
  5374 | D:12     | Killed a four-headed hydra
  5374 | D:12     | Reached skill level 1 in Earth Magic
  5374 | D:12     | Reached skill level 5 in Invocations
  5386 | D:12     | Reached XP level 12. HP: 75/84 MP: 15/15
  5406 | D:12     | Got an ancient tower shield
  5449 | D:12     | Found a shattered altar of Ashenzari.
  5712 | D:13     | Identified the cursed -1 tower shield of the Armadillo
                  | {*Contam rPois rC+++ Stlth+} (You found it on level 12 of
                  | the Dungeon)
  5793 | D:13     | Noticed a death knight
  5836 | D:13     | Noticed a centaur warrior
  5855 | D:13     | Killed a centaur warrior
  5964 | D:13     | Reached ****** piety under Cheibriados
  5965 | D:13     | Noticed a catoblepas
  6104 | Orc:1    | Entered Level 1 of the Orcish Mines
  6116 | Orc:1    | Found Gofyak's Gadget Shoppe.
  6117 | Orc:1    | Noticed an ettin
  6136 | Orc:1    | Learned a level 3 spell: Ozocubu's Armour
  6139 | Orc:1    | Learned a level 2 spell: Sticks to Snakes
  6200 | Orc:1    | Annihilated by an ettin

Illustrated notes

Levels and vault maps discovered:
D:1:      minmay_arrival_shattered_statue, layout_loops_ring,
          chequers_serial_rivers_marsh
D:2:      layout_rooms, lemuel_doored_altar, first_ration, minmay_lizard_pond,
          uniq_natasha
D:3:      layout_basic
D:4:      layout_gridville, cheibrodos_sewer_entry_drain, minmay_shop_mayhem,
          uniq_robin, uniq_pikel, uniq_blork_the_orc
D:5:      layout_loops_ring, minmay_temple_entry_mist, uniq_eustachio, uniq_ijyb
D:6:      layout_basic, serial_shops, shop, uniq_menkaure, uniq_prince_ribbit1,
          uniq_edmund, uniq_sigmund
D:7:      layout_basic, lemuel_round_altar, lightli_temple_of_fire, uniq_joseph
D:8:      layout_basic, lair_entry_dummy, uniq_maurice
D:9:      layout_basic, nicolae_overflow_crystal_walls,
          minmay_orc_entry_temple_small, hangedman_ranch
          [blue_anna_fruit_fields], uniq_erica
D:10:     layout_irregular_city, uniq_fannar
D:11:     layout_cave_pools, nicolae_trove_entry_path_of_doom,
          chequers_serial_rivers_micro_a
D:12:     layout_roguey, enter_bailey_7, serial_glass, glass_columns_c,
          glass_columns_a, glass_columns_b, glass_columns_a, glass_columns_a,
          glass_columns_b, glass_columns_b, glass_columns_c, basic_altar,
          kennysheep_generic_room_7
D:13:     layout_loops_ring
Temple:   dpeg_five_rooms_temple
Orc:1:    layout_caves, serial_shops, shop

Skill      XL: |  1  2  3  4  5  6  7  8  9 10 11 12 |
---------------+-------------------------------------+-----
Stealth        | 3 4 6 |  6.0
Unarmed Combat | 1 2 3 7 8 9 10 | 10.1
Shields        | 3 5 6 8 |  8.6
Fighting       | 3 5 7 8 |  8.8
Dodging        | 3 5 7 8 9 |  9.0
Invocations    | 5 6 |  6.3
Earth Magic    | 1 3 |  3.4
Short Blades   | |  1.0
Evocations     | |  3.2

Action                   |  1- 3 |  4- 6 |  7- 9 | 10-12 || total
-------------------------+-------+-------+-------+-------++-------
Melee: Short sword       |    16 |       |       |       ||    16
       Constrict         |     4 |    17 |    66 |    70 ||   157
       Tentacles         |     2 |     8 |    73 |   155 ||   238
       Unarmed           |     2 |    66 |   277 |   363 ||   708
       Punch             |       |       |    17 |    48 ||    65
Throw: Dart              |       |     2 |       |       ||     2
Invok: Slouch            |       |       |       |     1 ||     1
Evoke: Wand              |     5 |    22 |    13 |    24 ||    64
  Use: Potion            |     1 |     3 |     1 |       ||     5
       Scroll            |       |       |       |    15 ||    15
 Stab: Sleeping          |     2 |     2 |    16 |    10 ||    30
       Distracted        |       |     1 |     1 |       ||     2
       Confused          |       |       |     2 |       ||     2
  Eat: Chunk             |       |       |     8 |     5 ||    13
       Ration            |       |       |     1 |       ||     1
Armor: Skin              |     3 |     2 |    43 |    22 ||    70
Dodge: Dodged            |    12 |    36 |   129 |   147 ||   324
Block: Kite shield       |       |       |   112 |   304 ||   416
       Reflection        |       |       |       |    19 ||    19

Table legend:
 A = Non-vault XP
 B = Vault XP
 C = Vault XP percentage of total XP
 D = Non-vault monster count
 E = Vault monster count
 F = Vault count percentage of total count
                 A         B        C        D         E       F
            +---------+---------+-------+---------+---------+-------
      Total |   17063 |    5590 |  24.7 |     255 |      55 |  17.7
            +---------+---------+-------+---------+---------+-------
        D:1 |       6 |       0 |   0.0 |       5 |       0 |   0.0
        D:2 |     169 |      41 |  19.5 |      19 |       7 |  26.9
        D:3 |      17 |       0 |   0.0 |       9 |       0 |   0.0
        D:4 |     305 |     652 |  68.1 |      12 |      17 |  58.6
        D:5 |     286 |     178 |  38.4 |      13 |       1 |   7.1
        D:6 |     821 |     671 |  45.0 |      19 |       3 |  13.6
        D:7 |     739 |     407 |  35.5 |      23 |       1 |   4.2
        D:8 |     880 |     469 |  34.8 |      20 |       1 |   4.8
        D:9 |    1552 |    2028 |  56.6 |      31 |       8 |  20.5
       D:10 |    1700 |     975 |  36.4 |      27 |       1 |   3.6
       D:11 |    3648 |       0 |   0.0 |      36 |       0 |   0.0
       D:12 |    3604 |      32 |   0.9 |      20 |       4 |  16.7
       D:13 |    3220 |       0 |   0.0 |      20 |       0 |   0.0
      Orc:1 |     116 |       0 |   0.0 |       1 |       0 |   0.0
      Sewer |       0 |     137 | 100.0 |       0 |      12 | 100.0
            +---------+---------+-------+---------+---------+-------
